Map: Frozen Temple

Players

HoRuS

  • Race: Protoss Protoss
  • League: Diamond

Divain - Winner!

  • Race: Zerg Zerg

VOD

https://www.youtube.com/channel/UCcSgNfDNxvyisU-eCj9xyNg/playlists

Description

Time

  • Played on: Aug. 14, 2016, 11 a.m.
  • Length: 9:44
Show
View Real Time Build Order
Export as new Build Order

HoRuS Protoss 

Build Orders: 1 Gate Expand 

Get SALT Encoding   

  12  0:01  Probe (Chrono Boost)  
  13  0:11  Probe (Chrono Boost)  
  14  0:18  Pylon  
  14  0:22  Probe (Chrono Boost)  
  15  0:36  Probe (Chrono Boost)  
  16  0:46  Probe (Chrono Boost)  
  17  0:56  Gateway  
  17  1:10  Nexus  
  17  1:11  Probe (Chrono Boost)  
  18  1:21  Assimilator  
  18  1:22  Probe (Chrono Boost)  
  19  1:27  Assimilator  
  20  1:32  Probe (Chrono Boost)  
  20  1:38  Pylon  
  20  1:43  Probe (Chrono Boost)  
  21  1:54  Cybernetics Core  
  21  1:56  Zealot  
  23  2:03  Probe (Chrono Boost)  
  25  2:16  Probe (Chrono Boost)  
  25  2:22  Probe (Chrono Boost)  
  26  2:27  Sentry  
  26  2:28  Probe (Chrono Boost)  
  27  2:32  Probe (Chrono Boost)  
  30  2:40  Probe (Chrono Boost), Pylon  
  30  2:43  Probe (Chrono Boost)  
  32  2:47  Robotics Facility  
  33  2:52  Probe (Chrono Boost)  
  33  2:53  Probe (Chrono Boost)  
  33  2:58  Sentry  
  36  3:09  Probe (Chrono Boost)  
  36  3:10  Probe (Chrono Boost)  
  38  3:14  Pylon  
  38  3:17  Assimilator  
  38  3:19  Probe (Chrono Boost), Assimilator  
  39  3:20  Warp Gate  
  39  3:22  Probe (Chrono Boost), Sentry  
  42  3:33  Immortal  
  42  3:36  Probe (Chrono Boost)  
  42  3:37  Probe (Chrono Boost)  
  48  3:43  Gateway  
  48  3:49  Probe (Chrono Boost), Pylon  
  48  3:50  Probe (Chrono Boost)  
  50  3:58  Sentry  
  50  3:59  Probe (Chrono Boost)  
  50  4:02  Probe (Chrono Boost)  
  54  4:04  Gateway  
  54  4:08  Immortal  
  58  4:19  Probe (Chrono Boost)  
  58  4:21  Probe (Chrono Boost)  
  60  4:25  Sentry  
  60  4:30  Probe (Chrono Boost)  
  64  4:33  Probe (Chrono Boost)  
  64  4:35  Gateway  
  64  4:39  Gateway  
  64  4:42  Immortal, Probe (Chrono Boost)  
  69  4:55  Gateway  
  69  5:06  Pylon  
  69  5:07  Pylon  
  69  5:19  Warp Prism  
  69  5:25  Gateway  
  69  5:27  Gateway x2  
  73  5:29  Pylon  
  73  5:32  Pylon  
  71  5:44  Stalker  
  71  5:45  Sentry x3  
  79  5:52  Observer  
  80  6:06  Pylon x2  
  80  6:08  Pylon  
  80  6:11  Stalker x3  
  80  6:13  Sentry x3  
  92  6:36  Stalker x5  
  92  6:37  Stalker x3  
  108  6:48  Sentry  
  110  7:00  Stalker x4  
  110  7:01  Stalker  
  102  7:31  Stalker x4  
  102  7:32  Stalker x4  
  51  8:00  Stalker x3  
  47  8:09  Stalker x4  
  47  8:10  Stalker x3  
  47  8:11  Stalker  
  63  8:32  Adept x2  
  63  8:33  Adept x3  
  63  8:34  Adept x3  
  79  8:54  Adept x2  
  79  8:55  Adept x3  
Show
View Real Time Build Order
Export as new Build Order

Divain Zerg - Winner!

Build Orders: Hatch First 

Get SALT Encoding   

  12  0:04  Drone  
  13  0:12  Overlord  
  13  0:17  Drone  
  14  0:23  Extractor  
  14  0:24  Drone  
  15  0:32  Drone  
  16  0:37  Drone  
  17  0:58  Hatchery  
  17  1:00  Drone  
  17  1:03  Drone  
  18  1:07  Extractor  
  17  1:17  Spawning Pool  
  16  1:20  Drone  
  17  1:27  Drone  
  17  1:30  Drone  
  19  1:42  Overlord  
  19  2:04  Queen  
  19  2:08  Zergling x2  
  22  2:10  Zergling x2  
  22  2:11  Queen, Metabolic Boost  
  22  2:14  Drone  
  26  2:26  Drone  
  26  2:27  Drone  
  28  2:31  Drone  
  28  2:35  Drone  
  30  2:42  Drone  
  31  2:46  Drone  
  32  2:53  Hatchery  
  31  2:59  Drone  
  31  3:03  Pneumatized Carapace  
  31  3:05  Drone x2  
  34  3:10  Baneling Nest  
  34  3:12  Drone  
  34  3:16  Evolution Chamber  
  34  3:19  Drone  
  34  3:22  Drone  
  34  3:24  Drone  
  36  3:28  Overlord  
  36  3:38  Overlord  
  36  3:46  Zerg Melee Weapons Level 1  
  36  3:47  Drone x4  
  41  3:48  Drone  
  41  3:51  Drone  
  41  3:53  Drone  
  43  3:57  Drone  
  43  4:02  Drone x3, Extractor  
  46  4:03  Drone  
  46  4:09  Queen  
  49  4:21  Zergling x8, Roach Warren  
  49  4:23  Zergling x2  
  49  4:24  Zergling x2  
  54  4:26  Zergling x2  
  54  4:28  Zergling x2  
  56  4:32  Drone x2  
  56  4:34  Extractor  
  56  4:35  Zergling x2  
  58  4:38  Overlord  
  58  4:40  Overlord  
  58  4:46  Overlord  
  58  4:51  Overlord  
  58  4:59  Drone x2  
  60  5:01  Lair  
  60  5:03  Roach  
  60  5:04  Roach x3  
  60  5:05  Zergling x2  
  69  5:07  Roach  
  69  5:09  Zergling x2  
  69  5:10  Zergling x2  
  69  5:14  Drone x2  
  75  5:19  Overlord  
  75  5:20  Roach  
  79  5:21  Roach  
  79  5:23  Zergling x2  
  79  5:25  Drone  
  79  5:26  Drone  
  82  5:29  Extractor  
  82  5:30  Roach  
  82  5:31  Roach  
  82  5:34  Roach  
  87  5:38  Overlord  
  87  5:40  Roach, Ravager  
  87  5:41  Ravager x2  
  92  5:44  Drone  
  92  5:45  Overlord  
  92  5:47  Ravager  
  94  5:51  Roach  
  94  5:53  Roach  
  94  5:56  Roach  
  93  5:57  Zergling x2  
  93  5:59  Zergling x6  
  93  6:04  Zergling x6  
  97  6:05  Ravager  
  97  6:06  Zergling x2  
  97  6:09  Zergling x4  
  103  6:12  Zergling x2  
  103  6:13  Ravager  
  103  6:14  Zergling x2  
  103  6:15  Zergling x2  
  103  6:17  Zergling x2  
  108  6:19  Zergling x2  
  108  6:21  Zergling x4  
  108  6:22  Ravager  
  108  6:23  Zergling x2  
  108  6:24  Zergling x2  
  114  6:26  Overseer  
  114  6:31  Overlord  
  114  6:32  Overlord  
  114  6:36  Extractor  
  114  6:38  Zerg Missile Weapons Level 1, Extractor  
  112  6:41  Ravager  
  112  6:42  Zergling x2  
  114  6:47  Overlord  
  114  6:48  Overlord  
  114  6:51  Drone x3  
  114  6:53  Drone x2  
  114  6:54  Zergling x2, Ravager  
  120  6:55  Ravager  
  120  6:58  Zergling x2  
  120  6:59  Zergling x2  
  124  7:09  Zergling x12  
  124  7:13  Zergling x6  
  122  7:18  Zergling x2  
  122  7:19  Zergling x4  
  122  7:20  Zergling x2  
  122  7:22  Zergling x2  
  124  7:27  Zergling x8  
  118  7:34  Zergling x2  
  118  7:35  Zergling x4  
  107  7:41  Zergling x2  
  95  7:44  Zergling x2  
  95  7:46  Zergling x2  
  95  7:50  Queen x2  
  95  7:51  Zergling x2  
  93  7:55  Zergling x2  
  93  7:56  Zergling x2  
  93  7:58  Queen  
  93  8:04  Zergling x2  
  96  8:11  Roach x2  
  98  8:14  Centrifical Hooks  
  98  8:16  Zergling x2  
  98  8:19  Overlord  
  99  8:20  Roach  
  99  8:21  Roach x4  
  99  8:24  Roach  
  111  8:27  Roach  
  111  8:30  Roach  
  111  8:31  Roach  
  117  8:37  Ravager x2  
  117  8:38  Overlord  
  117  8:39  Roach  
  121  8:44  Baneling x4  
  121  8:45  Baneling  
  121  8:49  Ravager x4  
  121  8:51  Ravager x3  
  128  8:56  Roach  
  128  8:57  Ravager  
  128  8:59  Roach x2  
  135  9:04  Roach  
  135  9:05  Baneling  
  135  9:06  Baneling x6  
  137  9:11  Ravager  
  137  9:12  Ravager  
  137  9:16  Zergling x4  
  137  9:17  Zergling x8  
  139  9:19  Zergling x2  
  139  9:20  Zergling x2  
  132  9:25  Zergling x2  
  132  9:26  Zergling x6  
Tags
 
Add a new tag
Caveats
  • Supply blocks, unpowered buildings, or Contaminate may cause inaccurate times.
  • Supply counts are checked every 10 seconds.